 Dungeon Crawl Stone Soup version 0.27.0-1-g7a089689b8 (webtiles) character file.

Game seed: 15655130834034678884

112 Leibowitz the Ruffian (level 4, -1/45 HPs)
             Began as a Troll Monk on Aug 7, 2021.
             Was a Priest of Qazlal.
             Slain by Sigmund (10 damage)
             ... on level 3 of the Dungeon.
             The game lasted 00:03:38 (1540 turns).

Leibowitz the Ruffian (Troll Monk)                  Turns: 1540, Time: 00:03:39

Health: -1/45      AC:  4    Str: 20    XL:     4   Next: 63%
Magic:  3/3        EV: 10    Int:  6    God:    Qazlal [***...]
Gold:   92         SH:  4    Dex: 12    Spells: 3/3 levels left

rFire    . . .     SeeInvis .     - Unarmed
rCold    . . .     Faith    .   (no shield)
rNeg     . . .     Spirit   .   a - +0 robe
rPois    .         Reflect  .   (helmet restricted)
rElec    .         Harm     .   (no cloak)
rCorr    .         Rampage  .   (gloves unavailable)
Will     .....                  (boots unavailable)
Stlth    +.........             (no amulet)
HPRegen  1.15/turn              (no ring)
MPRegen  0.08/turn              (no ring)

@: no status effects
A: large, unfitting armour, claws 3, regeneration 1, shaggy fur 1, tough skin 1
a: Renounce Religion, Upheaval, Elemental Force


You were on level 3 of the Dungeon.
You worshipped Qazlal.
Qazlal was most pleased with you.
You visited 1 branch of the dungeon, and saw 3 of its levels.

You collected 92 gold pieces.

Inventory:

Armour
 a - a +0 robe (worn)
Scrolls
 e - a scroll of torment {unknown}
 g - 3 scrolls of identify {unknown}
 h - 2 scrolls of amnesia {unknown}
 i - a scroll of enchant armour {unknown}
 j - a scroll of immolation {unknown}
 k - 2 scrolls of magic mapping {unknown}
Potions
 b - a potion of magic {unknown}
 c - a potion of flight {unknown}
 d - 2 potions of heal wounds {unknown}
 f - 2 potions of curing {unknown}


   Skills:
 * Level 3.0 Fighting
 * Level 3.1 Dodging
 - Level 1.0 Stealth
 + Level 0.2 Shields
 * Level 4.3 Unarmed Combat


You had 3 spell levels left.
You didn't know any spells.
Your spell library was empty.

Dungeon Overview and Level Annotations

Branches:
Dungeon (3/15)

Altars:
Qazlal

Shops:
D:1 *   D:3 [

Annotations:
D:3 Sigmund


Innate Abilities, Weirdness & Mutations

You are too large for most types of armour.
You have claws for hands.
Your natural rate of healing is unusually fast.
You are covered in fur. (AC +1)
You have tough skin. (AC +1)


Message History

You hear an angry hiss.
A frilled lizard comes into view.
Found a scroll labelled CISAOR ZILIPO TIQ.
The frilled lizard closely misses you.
You claw the frilled lizard!
You kill the frilled lizard!
Qazlal accepts your kill.
k - 2 scrolls labelled CISAOR ZILIPO TIQ (gained 1)
Found an escape hatch in the floor.
You hear a shout!
Sigmund the Dreaded comes into view.
He is wielding a +0 scythe.
Sigmund casts a spell at you. The puff of flame hits you!
You closely miss Sigmund.
Sigmund casts a spell.
Sigmund flickers and vanishes!
Deactivating autopickup; reactivate with Ctrl-A.
You completely miss something. You claw something. Something hits you.
You miss something. You block something's attack.
You claw something! You barely miss something. Something hits you!
You miss something.
You hear some strange, mumbled words.
You are confused.
You bump into the rock wall.
You hear some strange, mumbled words.
Something tries to affect you, but you resist.
You barely miss something. Something hits you but does no damage.
You closely miss something. Something hits you!
You miss something.
You hear some strange, mumbled words.
A magic dart appears from out of thin air!
The magic dart hits you!
You bump into the rock wall.
Something hits you.
You bump into the rock wall.
You feel less confused. Something hits you!
* * * LOW HITPOINT WARNING * * *
You barely miss something. Something hits you!
You die...

#####.#..
#>{......
#@# #.# #.#
#.#.# #.#
#.#.# #.#
#.#.# #.#
#.#.#
###.#######
#.#.#
#..........
#.#.#
#.#.#######


There were no monsters in sight!

Vanquished Creatures
  Robin (D:3)
  3 adders (D:2)
  A dart slug (D:2)
  An orc (D:3)
  A ball python (D:1)
  4 endoplasms (D:1)
  A giant cockroach (D:3)
  16 goblins
  6 hobgoblins
  9 jackals
  8 kobolds
  2 quokkas
  4 bats
  A frilled lizard (D:3)
  A rat (D:2)
59 creatures vanquished.

Vanquished Creatures (others)
  A plant (D:2)
1 creature vanquished.

Grand Total: 60 creatures vanquished

Notes
Turn   | Place    | Note
-------+----------+-------------------------------------------
     0 | D:1      | Leibowitz the Troll Monk began the quest for the Orb.
     0 | D:1      | Reached XP level 1. HP: 22/22 MP: 0/0
   108 | D:1      | Found Xeal's General Store.
   178 | D:1      | Reached XP level 2. HP: 24/29 MP: 1/1
   358 | D:1      | Found a faded altar of an unknown god.
   366 | D:1      | Became a worshipper of Qazlal Stormbringer
   366 | D:1      | Reached * piety under Qazlal
   366 | D:1      | Reached ** piety under Qazlal
   770 | D:2      | Reached XP level 3. HP: 36/36 MP: 2/2
   834 | D:2      | Reached *** piety under Qazlal
  1006 | D:2      | Reached XP level 4. HP: 44/44 MP: 3/3
  1079 | D:2      | Reached skill level 4 in Unarmed Combat
  1371 | D:3      | Noticed Robin
  1395 | D:3      | Killed Robin
  1486 | D:3      | Found Yffisi's Antique Armour Shoppe.
  1526 | D:3      | Noticed Sigmund
  1540 | D:3      | Slain by Sigmund

Illustrated notes

Levels and vault maps discovered:
D:1:      minmay_arrival_semitransparent, layout_basic,
          ebering_ecumenical_altar_hall, serial_shops, nicolae_shop_stone
D:2:      minmay_kobold_bridge, layout_basic, kennysheep_small_spiral,
          serial_bayou_ford_a
D:3:      layout_basic, serial_shops, shop, uniq_sigmund, uniq_robin

Skill      XL: |  1  2  3  4 |
---------------+-------------+-----
Dodging        | 3 |  3.1
Fighting       | 3 |  3.0
Unarmed Combat | 4 |  4.3
Stealth        | |  1.0
Shields        | |  0.2

Action                   |  1- 3 |  4- 6 || total
-------------------------+-------+-------++-------
Melee: Unarmed           |    77 |    68 ||   145
       Punch             |     3 |     1 ||     4
 Stab: Sleeping          |     1 |       ||     1
Armor: Robe              |    25 |    23 ||    48
Dodge: Dodged            |    41 |    28 ||    69
Block: Other             |       |    20 ||    20
